 Dungeon Crawl Stone Soup version 0.30.1-3-gfc49f6343a (webtiles) character file.

Game seed: 8290759869358071779

95977 Wiggles the Executioner (level 15, -8/146 HPs)
             Began as a Minotaur Berserker on July 18, 2023.
             Was the Champion of Trog.
             Blown up by an orb spider (35 damage)
             ... with an orb of destruction
             ... on level 1 of the Spider Nest.
             The game lasted 00:44:22 (20483 turns).

Wiggles the Executioner (Minotaur Berserker)       Turns: 20483, Time: 00:44:22

Health: -8/146     AC: 28    Str: 34      XL:     15   Next: 67%
Magic:  2/14       EV: 10    Int:  2 (4)  God:    Trog [******]
Gold:   1973       SH:  0    Dex: 10 (11) Spells: 14/14 levels left

rFire   + . .        p - +4 executioner's axe (flame)
rCold   . . .        (shield currently unavailable)
rNeg    . . .        L - +2 plate armour {rF+}
rPois   .            (helmet restricted)
rElec   .            n - +2 cloak {Stlth+}
rCorr   .            f - +1 pair of gloves
SInv    .            E - +2 pair of boots
Will    +....        A - amulet of regeneration Stlth
                     I - ring of flight
HPRegen 1.24/turn    u - +6 ring of strength
MPRegen 0.14/turn

%: no passive effects
@: flying
A: horns 2, retaliatory headbutt
a: Renounce Religion, Berserk, Trog's Hand, Brothers in Arms


You were on level 1 of the Spider Nest.
You worshipped Trog.
Trog was exalted by your worship.
You visited 5 branches of the dungeon, and saw 24 of its levels.
You also visited: Ossuary.

You collected 2235 gold pieces.
You spent 262 gold pieces at shops.

Inventory:

Hand Weapons
 p - a +4 executioner's axe of flaming (weapon)
Missiles
 s - 2 throwing nets (quivered)
Armour
 f - a +1 pair of gloves (worn)
 n - a +2 cloak of stealth (worn)
 E - a +2 pair of boots (worn)
 L - a +2 plate armour of fire resistance (worn)
Jewellery
 g - a ring of willpower
 u - a +6 ring of strength (right hand)
 w - an amulet of guardian spirit
 A - an amulet of regeneration (around neck)
 F - a ring of protection from cold
 I - a ring of flight (left hand)
Wands
 m - a wand of paralysis (19)
 o - a wand of iceblast (35)
 t - a wand of light (15)
 y - a wand of flame (37)
 D - a wand of mindburst (6)
Scrolls
 a - a scroll of summoning
 k - 4 scrolls of magic mapping
 q - 5 scrolls of blinking
 r - 6 scrolls of teleportation
 C - 2 scrolls of fog
 H - 9 scrolls of identify
 J - a scroll of silence
 K - 2 scrolls of fear
 M - 4 scrolls of poison
Potions
 b - 4 potions of might
 c - 3 potions of lignification
 d - 7 potions of berserk rage
 e - 2 potions of haste
 h - 6 potions of mutation
 i - 5 potions of attraction
 j - 2 potions of magic
 l - 11 potions of curing
 v - a potion of resistance
 x - 6 potions of ambrosia
 z - 3 potions of cancellation
 B - 5 potions of flight
 G - a potion of invisibility


   Skills:
 + Level 16.9 Fighting
 + Level 24.9 Axes
 + Level 13.9 Armour
 - Level 3.9 Dodging
 - Level 1.8 Stealth


You had 14 spell levels left.
You didn't know any spells.
Your spell library was empty.

Dungeon Overview and Level Annotations

Branches:
Dungeon (15/15)            Temple (0/1) D:7            Lair (5/5) D:10
  Swamp (1/4) Lair:3       Spider (1/4) Lair:3        Slime (0/5) Lair:5
    Orc (2/2) D:12            Elf (0/3) Orc:2        Vaults (0/5) D:14
 Depths (0/4) D:15        Ossuary (visited)

Altars:
Ashenzari
Cheibriados
Dithmenos
Hepliaklqana
Ru
Trog
Uskayaw
Jiyva

Shops:
D:8 *   D:9 *   Orc:1 *   Orc:2 :*[(

Portals:
Abyss: D:3
Trove: D:15 (give 2 scrolls of acquirement)

Annotations:
D:3 2 transporters, cheesebisquit's ghost, amateur AtFi
D:6 1 runed translucent door, bahustanut's ghost, novice TrGl
D:13 2 transporters, sheffield53's ghost, journeyman MiBe
Lair:4 3 runed translucent doors, 0gre's ghost, journeyman MiBe
Orc:2 2 transporters, Strat's ghost, journeyman HOGl


Innate Abilities, Weirdness & Mutations

You have a pair of horns on your head.
You reflexively headbutt those who attack you in melee.


Message History

You closely miss something. Your headbutt misses something.
You feel sick.
You feel you are being watched by something.
Something hits you.
You feel weakened. Something hits you but does no damage.
Something stings you but does no damage.
You miss something.
You feel sick.
You feel you are being watched by something.
Something hits you. Something hits you! Something stings you.
You feel clumsy.
You hit something but do no damage. Your headbutt misses something.
You feel sick.
The orb spider weaves a glowing orb of energy.
An orb of destruction comes into view.
You slice something!! You burn something. Trog accepts your kill.
Reactivating autopickup.
You feel a bit more experienced.
You feel your strength returning.
You feel sick. The orb of destruction hits you!!!
* * * LOW HITPOINT WARNING * * *
Things that are here:
a ghost moth corpse; a culicivora corpse You feel sick.
Things that are here:
a culicivora corpse; a redback corpse; a redback corpse You feel better.
The orb spider pulsates with a strange energy.
You feel better.
The orb spider weaves a glowing orb of energy.
An orb of destruction comes into view.
You feel better.
The orb spider weaves a glowing orb of energy.
The orb of destruction hits you!!
* * * LOW HITPOINT WARNING * * *
An orb of destruction comes into view.
You feel better.
The orb spider begins to weave its threads into a brightly glowing ball.
You feel better. The orb of destruction hits you!!
You die...

##.....# .#
###......#..#
#..#........#
#####...†.......#
######.....###†..$...#
##.........###†##.....#
#..........#...# #.^#.#
#...##....##..)# #..##
##..####.##..○@# #..# #
##....#####°○.# ..#
.###....## #..##.. ##
..#.....## #s. s.#
.........###... ..#
#.........#>..# ...
.......######. ...#
......##....#. .###
.###.#....###


You could see 2 orb spiders.

Vanquished Creatures
  Jorgrun (Orc:2)
  2 ghost moths (Spider:1)
  2 orc warlords (Orc:2)
  An ettin (D:14)
  2 hydras
  An ogre mage (D:15)
  A catoblepas (Lair:5)
  Erica (D:8)
  6 two-headed ogres
  13 death yaks
  4 boulder beetles
  5 centaur warriors
  A deep troll shaman (Lair:5)
  2 orc high priests (Orc:2)
  A shadow wraith (D:14)
  A skyshark (Lair:5)
  2 deep trolls
  A pharaoh ant (Spider:1)
  An orb spider (Spider:1)
  A lindwurm (Lair:5)
  3 bog bodies (Lair:3)
  A deep elf zephyrmancer (D:15)
  2 orc knights (Orc:2)
  2 wolf spiders (Spider:1)
  23 ugly things
  A necromancer (D:15)
  2 orc sorcerers (Orc:2)
  2 manticores
  A salamander (shapeshifter) (D:15)
  4 cyclopes
  6 elephants (Lair:5)
  6 black mambas
  A demonic crawler (Spider:1)
  8 cane toads
  3 gargoyles
  5 rime drakes
  9 komodo dragons
  A queen bee (D:10)
  2 tengu conjurers (D:12)
  3 trolls
  5 polar bears
  3 tarantellas (Spider:1)
  7 blink frogs
  A dream sheep (shapeshifter) (D:14)
  A blink frog (shapeshifter) (D:15)
  Sigmund (D:2)
  9 jumping spiders
  6 culicivoras
  14 slime creatures
  17 yaks
  2 shadows (D:12)
  3 wraiths
  3 wyverns
  A hog (shapeshifter) (D:14)
  3 basilisks
  4 fire bats (Orc:2)
  6 steam dragons
  8 vampire mosquitoes
  10 redbacks
  Menkaure (D:5)
  Edmund (D:5)
  5 wargs (Orc:2)
  4 acid dragons
  A swamp worm (Lair:3)
  16 water moccasins
  20 orc warriors
  A black bear (D:6)
  6 ogres
  18 centaurs
  22 wolves
  A phantom (D:6)
  11 bullfrogs
  Blork the orc (D:5)
  2 kobold brigands
  A gnoll sergeant (D:7)
  2 elf zombies (Ossuary)
  8 scorpions
  33 killer bees
  5 howler monkeys
  An electric eel (Lair:3)
  3 centaur zombies (Ossuary)
  17 jellies
  23 orc priests
  Crazy Yiuf (D:2)
  A gnoll bouda (D:6)
  A human zombie (Ossuary)
  3 hounds
  A sleepcap (D:6)
  7 hell rats (Lair:2)
  Ijyb (D:5)
  3 iguanas
  14 orc wizards
  2 mummies (Ossuary)
  Robin (D:3)
  17 gnolls
  16 adders
  A shadow imp (D:6)
  2 white imps
  2 adder zombies (Ossuary)
  2 worms
  3 dart slugs
  72 orcs
  10 endoplasms
  4 giant cockroaches
  18 goblins
  11 hobgoblins
  9 jackals
  14 kobolds
  3 quokkas
  9 ball pythons
  5 bats
  8 frilled lizards
  2 goblin zombies (Ossuary)
  7 hobgoblin zombies (Ossuary)
  A jackal zombie (Ossuary)
  9 kobold zombies (Ossuary)
  8 orc zombies (Ossuary)
  4 rats
  2 rat zombies (Ossuary)
715 creatures vanquished.

Vanquished Creatures (collateral kills)
  An orc warlord (Orc:2)
  3 death yaks (Lair:4)
  An orc high priest (Orc:2)
  4 orc sorcerers (Orc:2)
  2 orc knights (Orc:2)
  A blink frog (Lair:4)
  A warg (Orc:2)
  10 orc warriors (Orc:2)
  9 orc priests (Orc:2)
  3 orc wizards (Orc:2)
  15 orcs (Orc:2)
50 creatures vanquished.

Vanquished Creatures (others)
  A wizard (D:15)
  A redback (Spider:1)
2 creatures vanquished.

Grand Total: 767 creatures vanquished

Notes
Turn   | Place    | Note
-------+----------+-------------------------------------------
     0 | D:1      | Wiggles the Minotaur Berserker began the quest for the Orb.
     0 | D:1      | Reached XP level 1. HP: 19/19 MP: 0/0
   129 | D:1      | Reached XP level 2. HP: 27/27 MP: 1/1
   307 | D:1      | Reached skill level 4 in Axes
   341 | D:1      | Found a faded altar of an unknown god.
   467 | D:1      | Reached ** piety under Trog
   468 | D:1      | Reached XP level 3. HP: 33/33 MP: 2/2
  1086 | D:2      | Identified the +8 dagger of Pajaajay {freeze, rElec rC+
                  | Dex-4}
  1107 | D:2      | Noticed Sigmund
  1122 | D:2      | Killed Sigmund
  1123 | D:2      | Reached skill level 5 in Fighting
  1123 | D:2      | Reached skill level 5 in Axes
  1123 | D:2      | Reached XP level 4. HP: 34/42 MP: 3/3
  1123 | D:2      | Reached XP level 5. HP: 39/48 MP: 4/4
  1593 | D:2      | Found a runed translucent door.
  1594 | D:2      | Noticed Crazy Yiuf
  1798 | D:2      | Killed Crazy Yiuf
  1799 | D:2      | Reached XP level 6. HP: 56/56 MP: 5/5
  2004 | D:3      | Found a transporter.
  2023 | D:3      | Found a one-way gate to the infinite horrors of the Abyss.
  2023 | D:3      | Noticed cheesebisquit's ghost (amateur AtFi)
  2037 | D:3      | Noticed a toenail golem
  2048 | D:3      | Found a transporter.
  2082 | D:3      | Noticed Robin
  2091 | D:3      | Killed Robin
  2092 | D:3      | Reached skill level 6 in Axes
  2191 | D:3      | Noticed a small abomination
  2194 | D:3      | Noticed a small abomination
  2214 | D:3      | Reached *** piety under Trog
  2234 | D:3      | Reached skill level 1 in Stealth
  2777 | D:4      | Found a sacrificial altar of Ru.
  2805 | D:4      | Found a broken altar of Ashenzari.
  2808 | D:4      | Found a hide-covered altar of Uskayaw.
  2811 | D:4      | Found a bloodstained altar of Trog.
  2827 | D:4      | Found a hazy altar of Hepliaklqana.
  3122 | D:4      | Reached XP level 7. HP: 57/61 MP: 6/6
  3361 | D:4      | Reached skill level 7 in Axes
  3381 | D:4      | Reached **** piety under Trog
  3619 | D:5      | Entered Level 5 of the Dungeon
  3895 | D:5      | Noticed Blork the orc
  3898 | D:5      | Killed Blork the orc
  3899 | D:5      | Reached skill level 8 in Axes
  3906 | D:5      | Reached skill level 5 in Armour
  4002 | D:5      | Noticed Menkaure
  4011 | D:5      | Killed Menkaure
  4012 | D:5      | Reached XP level 8. HP: 26/70 MP: 7/7
  4175 | D:5      | Found a sand-covered staircase.
  4180 | Ossuary  | Entered an ossuary
  4325 | Ossuary  | Reached skill level 9 in Axes
  4369 | Ossuary  | Reached ***** piety under Trog
  4456 | D:5      | Noticed Ijyb
  4465 | D:5      | Killed Ijyb
  4571 | D:5      | Noticed Edmund
  4582 | D:5      | Killed Edmund
  4583 | D:5      | Reached skill level 10 in Axes
  4613 | D:5      | Identified the +6 scale mail of the Sun {Dex+2}
  4991 | D:6      | Identified the +2 flail of Unreason {protect, Fragile Fly
                  | Str+6 Dex-5}
  5064 | D:6      | Found a snail-covered altar of Cheibriados.
  5214 | D:6      | Found the +0 toga "Victory" {*Victory Clar}
  5218 | D:6      | Reached skill level 11 in Axes
  5222 | D:6      | Reached XP level 9. HP: 76/78 MP: 8/8
  5389 | D:6      | Found a runed translucent door.
  5390 | D:6      | Noticed a boulder beetle
  5391 | D:6      | Noticed bahustanut's ghost (novice TrGl)
  5433 | D:6      | Received a gift from Trog
  5508 | D:6      | Reached skill level 12 in Axes
  5877 | D:7      | Found a shadowy altar of Dithmenos.
  5933 | D:7      | Found a staircase to the Ecumenical Temple.
  5939 | D:7      | Reached skill level 13 in Axes
  6795 | D:8      | Reached skill level 14 in Axes
  6878 | D:8      | Noticed Erica
  6883 | D:8      | Killed Erica
  6884 | D:8      | Reached XP level 10. HP: 58/84 MP: 3/9
  7016 | D:8      | Reached skill level 15 in Axes
  7430 | D:8      | Found Vahucipa's Assorted Antiques.
  7433 | D:8      | Bought a scroll of enchant weapon for 157 gold pieces
  7877 | D:9      | Reached skill level 16 in Axes
  7933 | D:9      | Found Catubeq's Serpentskin Sales.
  8170 | D:10     | Entered Level 10 of the Dungeon
  8175 | D:10     | Noticed a two-headed ogre
  8194 | D:10     | Killed a two-headed ogre
  8195 | D:10     | Reached skill level 17 in Axes
  8326 | D:10     | Identified the +5 rapier of Anguish {heavy, rPois} (Trog
                  | gifted it to you on level 10 of the Dungeon)
  8326 | D:10     | Received a gift from Trog
  8328 | D:10     | Reached XP level 11. HP: 88/91 MP: 3/10
  8441 | D:10     | Reached skill level 18 in Axes
  8487 | D:10     | Found a staircase to the Lair.
  9037 | D:11     | Identified the +1 leather armour "Xequets" {rC- Dex+6}
  9405 | D:12     | Found a broken altar of Ashenzari.
  9462 | D:12     | Found a staircase to the Orcish Mines.
  9566 | D:12     | Identified the +0 ring mail of the Known World {Rampage
                  | Will+ Dex+5 Slay-3}
  9584 | D:12     | Reached skill level 19 in Axes
  9659 | D:12     | Noticed a cyan ugly thing
  9667 | D:12     | Killed a cyan ugly thing
  9977 | D:12     | Reached skill level 20 in Axes
 10471 | D:13     | Noticed a red ugly thing
 10478 | D:13     | Killed a red ugly thing
 10503 | D:13     | Noticed a boulder beetle
 10518 | D:13     | Killed a boulder beetle
 10708 | D:13     | Reached XP level 12. HP: 100/100 MP: 3/11
 10983 | D:13     | Found a transporter.
 10989 | D:13     | Noticed a two-headed ogre
 10989 | D:13     | Noticed sheffield53's ghost (journeyman MiBe)
 10992 | D:13     | Found a bloodstained altar of Trog.
 10993 | D:13     | Noticed a tengu warrior
 10993 | D:13     | Noticed a two-headed ogre
 10995 | D:13     | Noticed a stone giant
 11015 | D:13     | Found a transporter.
 11215 | Lair:1   | Entered Level 1 of the Lair of Beasts
 11477 | Lair:1   | Reached skill level 21 in Axes
 12939 | Lair:3   | Received a gift from Trog
 12955 | Lair:3   | Found a staircase to the Swamp.
 13511 | Lair:3   | Found a hole to the Spider Nest.
 14085 | Lair:4   | Reached skill level 22 in Axes
 14201 | Lair:4   | Reached skill level 10 in Fighting
 14201 | Lair:4   | Reached XP level 13. HP: 87/113 MP: 12/12
 14286 | Lair:4   | Reached skill level 10 in Armour
 14472 | Lair:4   | Found a runed translucent gate.
 14473 | Lair:4   | Found a runed translucent gate.
 14474 | Lair:4   | Found a runed translucent gate.
 14483 | Lair:4   | Noticed a minotaur
 14539 | Lair:4   | Noticed 0gre's ghost (journeyman MiBe)
 14929 | Lair:5   | Entered Level 5 of the Lair of Beasts
 14988 | Lair:5   | Found a staircase to the Slime Pits.
 14988 | Lair:5   | Found a viscous altar of Jiyva.
 15012 | Lair:5   | Received a gift from Trog
 15465 | Lair:5   | Reached skill level 23 in Axes
 15784 | Lair:5   | Reached XP level 14. HP: 123/127 MP: 13/13
 16158 | Orc:1    | Entered Level 1 of the Orcish Mines
 16191 | Orc:1    | Found Irhynax's Mass Market.
 16410 | Orc:2    | Entered Level 2 of the Orcish Mines
 16424 | Orc:2    | Noticed an orc warlord
 16438 | Orc:2    | Killed an orc warlord
 16444 | Orc:2    | Received a gift from Trog
 16523 | Orc:2    | Found a transporter.
 16523 | Orc:2    | Found a transporter.
 16523 | Orc:2    | Noticed Strat's ghost (journeyman HOGl)
 16543 | Orc:2    | Noticed an orc warlord
 16565 | Orc:2    | Killed an orc warlord
 16907 | Orc:2    | Found a staircase to the Elven Halls.
 17017 | Orc:2    | Noticed Jorgrun
 17030 | Orc:2    | Killed Jorgrun
 17045 | Orc:2    | Noticed an orc warlord
 17056 | Orc:2    | Killed an orc warlord
 17065 | Orc:2    | Reached ****** piety under Trog
 17065 | Orc:2    | Received a gift from Trog
 17107 | Orc:2    | Reached skill level 15 in Fighting
 17212 | Orc:2    | Found Remaimn's General Store.
 17223 | Orc:2    | Reached skill level 24 in Axes
 17230 | Orc:2    | Found Peraus's Antique Armour Shop.
 17230 | Orc:2    | Found Caesuits's Antique Weapon Shop.
 17232 | Orc:2    | Found Hoahorgh's Book Boutique.
 17236 | Orc:2    | Bought a scroll of enchant weapon for 105 gold pieces
 18203 | D:14     | Reached XP level 15. HP: 131/141 MP: 14/14
 18241 | D:14     | Received a gift from Trog
 18261 | D:14     | Found a gate to the Vaults.
 18796 | D:15     | Entered Level 15 of the Dungeon
 19343 | D:15     | Found a staircase to the Depths.
 19648 | D:15     | Found a hazy altar of Hepliaklqana.
 19694 | D:15     | Found a portal to a secret trove of treasure.
 19939 | Swamp:1  | Entered Level 1 of the Swamp
 20036 | Spider:1 | Entered Level 1 of the Spider Nest
 20465 | Spider:1 | Received a gift from Trog
 20477 | Spider:1 | HP: 6/146 [disintegration (54)]
 20483 | Spider:1 | Blown up by an orb spider

Illustrated notes

Levels and vault maps discovered:
D:1:      lemuel_arrival_room, layout_loops_corners,
          hellmonk_ecumenical_altar_crossroads
D:2:      layout_basic, uniq_sigmund, uniq_crazy_yiuf_cottage
D:3:      layout_loops_ring, gammafunk_ghost_abyssal_escape, minivault_26,
          uniq_robin
D:4:      minmay_polygon_palace, layout_basic,
          nicolae_overflow_quartered_altars, nicolae_ru_great_annihilating_truth
D:5:      layout_cave_pods, lightli_ossuary_entry_decrepit_ruins,
          minmay_fractal_squares_diagonal_5, uniq_edmund, uniq_ijyb,
          uniq_blork_the_orc, uniq_menkaure
D:6:      kennysheep_spiral_hall, layout_basic, marbit_many_paths,
          ebering_ghost_inner_flame
D:7:      layout_layer_cave, overflow_temple_1_default,
          minmay_temple_entry_proselytizer
D:8:      layout_gridville, serial_shops, nicolae_shop_behind_doors, uniq_erica
D:9:      layout_roguey, guppyfry_shop_venom
D:10:     cheibrodos_steamvent, layout_rooms, dpeg_oklobed_lair, special_room
          [special_room_bee]
D:11:     layout_basic
D:12:     layout_grid_maze, orc_0_dummy, evilmike_ruin_ashenzari
D:13:     layout_basic, gammafunk_ghost_wrathful_warriors
D:14:     layout_stronghold, david_vaults_4, grunt_decor_fettered
D:15:     hangedman_depths_entry_civil_slaughter, layout_cave_pools,
          nicolae_trove_entry_crossroad, nzn_hepliaklqana_mist_gate
Lair:1:   layout_cave_pods
Lair:2:   layout_loops_ring
Lair:3:   layout_regular_city, nicolae_swamp_entry_splash_gauntlet,
          spider_nest_entry_funnel_web, serial_bayou_shore_b
Lair:4:   layout_misc_corridors, maelrawn_ghost_gauntlet_escape,
          serial_bayou_pond_e, beast_lair_carwin_6, grunt_megastairs_5,
          lemuel_fruit_fields
Lair:5:   grunt_lair_end_beastmaster, layout_loops_ring,
          minmay_slime_entry_jelly_boxes
Swamp:1:  layout_basic_swamp, nicolae_swamp_trees_clearing
Spider:1: layout_spider_delve, hellmonk_narrow_tunnel
Orc:1:    layout_caves, basic_altar, minmay_shop_mass, minmay_orc_keep
Orc:2:    st_orc_congregation, layout_caves, gammafunk_ghost_arena,
          nicolae_orc_lava_tube, uniq_jorgrun

Skill      XL: |  1  2  3  4  5  6  7  8  9 10 11 12 13 14 15 |
---------------+----------------------------------------------+-----
Fighting       | 4 5 6 7 10 12 15 16 | 16.9
Axes           | 4 5 6 8 11 14 17 20 22 23 24 | 24.9
Armour         | 3 4 5 6 9 11 12 13 | 13.9
Dodging        | 3 |  3.9
Stealth        | 1 |  1.8

Action                     |  1- 3 |  4- 6 |  7- 9 | 10-12 | 13-15 || total
---------------------------+-------+-------+-------+-------+-------++-------
  Melee: Hand axe          |    66 |    55 |       |       |       ||   121
         Headbutt          |    12 |    22 |    70 |    97 |   131 ||   332
         Punch             |     1 |       |     4 |       |       ||     5
         War axe           |       |    70 |   226 |       |       ||   296
         Battleaxe         |       |       |   101 |   500 |   343 ||   944
         Executioner's axe |       |       |       |       |   243 ||   243
 Invoke: Berserk           |     1 |     2 |     2 |     5 |     4 ||    14
         Trog's Hand       |       |       |       |     3 |       ||     3
         Brothers in Arms  |       |       |       |       |     4 ||     4
    Use: Scroll            |       |       |    19 |    14 |     3 ||    36
         Potion            |       |       |       |     3 |    10 ||    13
   Stab: Sleeping          |       |     5 |     1 |     3 |     2 ||    11
         Paralysed         |       |     1 |       |       |       ||     1
         Distracted        |       |       |       |       |     1 ||     1
 Armour: Animal skin       |     2 |       |       |       |       ||     2
         Leather armour    |     7 |       |       |       |       ||     7
         Ring mail         |       |    31 |       |       |       ||    31
         Plate armour      |       |    13 |   121 |       |   297 ||   431
         Scale mail        |       |       |    90 |   286 |   283 ||   659
  Dodge: Dodged            |    41 |    57 |   171 |   318 |   401 ||   988
